 Dungeon Crawl Stone Soup version 0.27-a0-333-gfa571bf19a (webtiles) character file.

Game seed: 8971479356705198641

303909 inc the Maledictor (level 20, -1/107 HPs)
             Began as a Felid Enchanter on Feb 12, 2021.
             Was a Follower of Uskayaw.
             Slain by a spriggan berserker
             ... wielding a +2 hand axe of freezing
              (3 damage)
             ... on level 2 of the Depths.
             The game lasted 03:12:51 (82167 turns).

inc the Maledictor (Felid Enchanter)               Turns: 82167, Time: 03:12:52

Health: -1/107     AC:  3    Str:  2    XL:     20   Next: 25%
Magic:  32/32      EV: 46    Int: 25    God:    Uskayaw [*.....]
Gold:   3548       SH:  0    Dex: 26    Spells: 2/34 levels left
                                        Lives:  0   Deaths: 6

rFire    + . .     SeeInvis +     - Unarmed
rCold    + . .     Faith    +   (shield unavailable)
rNeg     . . .     Spirit   .   (armour unavailable)
rPois    .         Reflect  .   (helmet unavailable)
rElec    .         Harm     .   (cloak unavailable)
rCorr    .         Rampage  .   (gloves unavailable)
Will     +++..                  (boots unavailable)
Stlth    +++++++...             z - amulet of faith
HPRegen  0.27/turn              Q - ring of protection from fire
MPRegen  0.23/turn              x - ring of Ucingecwi {Int+4 Dex+6}

@: very slightly contaminated, invisible, quick
A: very small, no armour, no weapons or thrown items, stealth, claws 1, fangs 3,
see invisible, clumsy 1, speed 1, robust 1, shaggy fur 3, weak 1, sharp paws
}: 2/15 runes: barnacled, gossamer
a: Renounce Religion, Stomp


You were on level 2 of the Depths.
You worshipped Uskayaw.
Uskayaw was pleased with you.
You visited 9 branches of the dungeon, and saw 41 of its levels.
You also visited: Sewer and Gauntlet.

You collected 7199 gold pieces.
You spent 3651 gold pieces at shops.

Inventory:

Jewellery
 j - the amulet of Numukica {Reflect rF+ Str+4 Dex+5 SH+5}
   (You took it off an orc on level 12 of the Dungeon)

   [amulet of reflection]

   It shields you and reflects attacks.
   It affects your strength (+4).
   It affects your dexterity (+5).
   It protects you from fire.
   It affects your SH (+5).
 l - a ring of willpower
 s - a +4 ring of protection
 w - a +6 ring of strength
 x - the ring of Ucingecwi (right paw) {Int+4 Dex+6}
   (You acquired it on level 8 of the Dungeon)

   [ring of dexterity]

   It affects your intelligence (+4).
   It affects your dexterity (+6).
 y - the ring "Rux Xuxa" {Ice rElec Will- SInv}
   (You acquired it on level 1 of the Shoals)

   [ring of ice]

   It enhances your ice magic.
   It makes you vulnerable to fire.
   It protects you from cold.
   It insulates you from electricity.
   It affects your willpower, your defense against some magical effects.
   It lets you see invisible.
 z - an amulet of faith (around neck)
 F - an amulet of guardian spirit
 G - a ring of poison resistance
 N - a +6 ring of intelligence
 P - the ring "Raemiaw" {*Corrode rN+++ Int+6 Dex+2 SInv}
   (You bought it in a shop on level 2 of the Orcish Mines)

   [ring of intelligence]

   It affects your intelligence (+6).
   It affects your dexterity (+2).
   It renders you almost immune to negative energy.
   It lets you see invisible.
   It may corrode you when you take damage.
 Q - a ring of protection from fire (left paw)
 V - a +6 ring of dexterity
Wands
 q - a wand of random effects (35)
 A - a wand of paralysis (30)
 C - a wand of flame (84)
 E - a wand of charming (50)
 H - a wand of acid (7)
 I - a wand of iceblast (20)
 J - a wand of digging (17)
 K - a wand of mindburst (45)
 U - a wand of polymorph (19)
Scrolls
 h - 2 scrolls of holy word
 k - 13 scrolls of teleportation
 n - 5 scrolls of amnesia
 p - 7 scrolls of fog
 t - 5 scrolls of fear
 u - 3 scrolls of magic mapping
 D - a scroll of summoning
 O - 2 scrolls of vulnerability
 S - 21 scrolls of identify
 W - a scroll of silence
 X - 2 scrolls of immolation
Potions
 a - 6 potions of flight
 b - 5 potions of mutation
 c - 6 potions of might
 d - a potion of cancellation
 e - 6 potions of invisibility
 f - 3 potions of ambrosia
 i - 5 potions of brilliance
 m - 3 potions of resistance
 o - 16 potions of curing
 r - 3 potions of attraction
 v - 7 potions of lignification
 L - 4 potions of haste
 M - a potion of berserk rage
Miscellaneous
 g - a condenser vane
 R - a phantom mirror
 Z - a tin of tremorstones (2/2)


   Skills:
 - Level 15.9 Fighting
 - Level 19.2 Dodging
 - Level 14.4 Stealth
 + Level 11.9 Unarmed Combat
 - Level 7.9 Spellcasting
 - Level 8.1 Conjurations
 - Level 24.4 Hexes
 - Level 4.8 Ice Magic
 - Level 11.5 Air Magic
 - Level 8.0 Poison Magic
 - Level 13.5 Invocations
 - Level 11.2 Evocations


You had 2 spell levels left.
You knew the following spells:

 Your Spells              Type           Power        Failure   Level
a - Discord               Hex            46%          1%          8
b - Ensorcelled Hibernat  Hex/Ice        100%         1%          2
c - Confusing Touch       Hex            93%          0%          3
d - Fulminant Prism       Conj/Hex       37%          1%          4
e - Silence               Hex/Air        39%          1%          5
f - Invisibility          Hex            93%          1%          6
g - Olgreb's Toxic Radia  Pois           50%          2%          4

Your spell library contained the following spells:

 Spells                   Type           Power        Failure   Level
 Corona                   Hex            100%         0%          1
 Slow                     Hex            93%          0%          2
 Magic Dart               Conj           100%         1%          1
 Sting                    Tmut/Pois      100%         1%          1
 Corpse Rot               Necr/Air       N/A          1%          2
 Poisonous Vapours        Pois/Air       100%         1%          2
 Searing Ray              Conj           100%         1%          2
 Swiftness                Air            61%          1%          2
 Animate Skeleton         Necr           18%          6%          1
 Apportation              Tloc           18%          6%          1
 Sandblast                Erth           18%          6%          1
 Summon Small Mammal      Summ           36%          6%          1
 Call Imp                 Summ           9%           10%         2
 Passwall                 Tmut/Erth      7%           10%         2
 Sublimation of Blood     Necr           4%           10%         2
 Tukima's Dance           Hex            93%          0%          3
 Cause Fear               Hex            46%          0%          4
 Dazzling Flash           Conj/Hex       100%         1%          3
 Mephitic Cloud           Conj/Pois/Air  54%          1%          3
 Summon Guardian Golem    Hex/Summ       63%          1%          3
 Metabolic Englaciation   Hex/Ice        35%          1%          5
 Yara's Violent Unravell  Hex/Tmut       31%          1%          5
 Summon Lightning Spire   Summ/Air       38%          5%          4
 Ignite Poison            Fire/Tmut/Pois 23%          6%          3
 Iskenderun's Battlesphe  Conj           50%          6%          5
 Iskenderun's Mystic Bla  Conj/Tloc      30%          12%         4
 Conjure Ball Lightning   Conj/Air       28%          16%         6
 Call Canine Familiar     Summ           9%           19%         3
 Gell's Gravitas          Tloc           4%           19%         3
 Summon Ice Beast         Ice/Summ       22%          22%         4
 Alistair's Intoxication  Tmut/Pois      20%          32%         5
 Fireball                 Conj/Fire      15%          32%         5
 Irradiate                Conj/Tmut      15%          32%         5
 Bolt of Magma            Conj/Fire/Erth 11%          50%         5
 Passage of Golubria      Tloc           N/A          52%         4
 Petrify                  Tmut/Erth      9%           52%         4
 Borgnjor's Vile Clutch   Necr/Erth      4%           86%         5
 Lee's Rapid Deconstruct  Erth           4%           86%         5
 Eringya's Noxious Bog    Tmut/Pois      15%          87%         6
 Iron Shot                Conj/Erth      15%          87%         6
 Starburst                Conj/Fire      15%          87%         6
 Orb of Destruction       Conj           25%          88%         7
 Simulacrum               Ice/Necr       11%          98%         6
 Dispersal                Tloc           4%           100%        6
 Spellforged Servitor     Conj/Summ      15%          100%        7
 Disjunction              Tloc           4%           100%        8
 Ignition                 Fire           4%           100%        8
 Tornado                  Air            30%          100%        9
 Portal Projectile        Hex/Tloc       Unusable     N/A         3
 Animate Armour           Summ/Erth      Unusable     N/A         4

Dungeon Overview and Level Annotations

Branches:
Dungeon (15/15)            Temple (1/1) D:5            Lair (6/6) D:11
 Shoals (4/4) Lair:4       Spider (4/4) Lair:2        Slime (0/5) Lair:6
    Orc (2/2) D:10            Elf (3/3) Orc:2        Vaults (4/5) D:13
  Crypt (0/3) Vaults:2     Depths (2/5) D:15          Sewer (visited)
Gauntlet (visited)

Altars:
Ashenzari
Cheibriados
Dithmenos
Elyvilon
Fedhas
Gozag
Hepliaklqana
Kikubaaqudgha
Makhleb
Nemelex Xobeh
Okawaru
Qazlal
Ru
Sif Muna
Trog
Uskayaw
Vehumet
Wu Jian
Xom
Yredelemnul
Zin
The Shining One
Beogh

Shops:
D:4 *   D:5 :   D:7 (   D:11 *(   D:15 [   Orc:2 *=*[   Elf:2 (   Elf:3 (
Shoals:1 !![:*   Vaults:2 (

Portals:
Hell: Depths:1 Depths:2

Annotations:
D:8 stazo's ghost, novice HOFi
Lair:5 exclusion: oklob plant


Innate Abilities, Weirdness & Mutations

You cannot wear armour.
You are incapable of wielding weapons or throwing items.
Your paws allow you to move quietly. (Stealth)
You have sharp claws.
You have razor-sharp teeth.
You have supernaturally acute eyesight. (SInv)
You cover ground quickly.
Your thick and shaggy fur keeps you warm. (AC +3, rC+)
Your sharp claws are effective at attacking unaware monsters.
You are clumsy. (Dex -2)
You are robust. (+10% HP)
You are weak. (Str -2)


Message History

The spriggan berserker misses you.
Casting: Invisibility (safe; 1% risk of failure)
Confirm with . or Enter, or press ? or * to list all spells.
You can't see any susceptible monsters within range! (Use Z to cast anyway.)
Press: ? - help, v - describe, . - travel
Here: a spriggan berserker, wielding a +2 hand axe of freezing and wearing a +0 animal skin (lightly wounded, berserk)
The floor.
Press: ? - help, v - describe, . - travel
Here: a spriggan berserker, wielding a +2 hand axe of freezing and wearing a +0 animal skin (lightly wounded, berserk)
The floor.
Press: ? - help, v - describe, . - travel
Here: a spriggan berserker, wielding a +2 hand axe of freezing and wearing a +0 animal skin (lightly wounded, berserk)
The floor.
Press: ? - help, v - describe, . - travel The floor.
Press: ? - help, v - describe, . - travel The floor.
The spriggan berserker completely misses you.
The spriggan berserker closely misses you.
The spriggan berserker hits you with a +2 hand axe of freezing!!!
The spriggan berserker freezes you.
The spriggan berserker rages.
The spriggan berserker completely misses you.
You can no longer pass through a line of other dancers.
The spriggan berserker completely misses you.
The spriggan berserker closely misses you.
There is an open door here.
The spriggan berserker closely misses you.
The spriggan berserker completely misses you.
The spriggan berserker completely misses you.
The spriggan berserker hits you with a +2 hand axe of freezing!!!
The spriggan berserker freezes you.
* * * LOW HITPOINT WARNING * * *
The spriggan berserker misses you.
The spriggan berserker completely misses you.
Okay, then.
The spriggan berserker hits you with a +2 hand axe of freezing!!
* * * LOW HITPOINT WARNING * * *
The spriggan berserker freezes you.
You die...

.....'...†.....#......'..........
##'###.........#.###.##..........
##'####'###.###.####........
....# #. #..........# #..≈≈≈≈≈≈
....# #. ###.#.###..# #..≈≈≈≈≈≈
....# #. #.#.# #..# #..≈#####
....# #.#.# #..###..≈# ....###
#.#i# #....'..≈# ....'.# #.#@#
#....#..≈##### ....# #.#.#
####.#..≈≈≈≈≈) ....# #####..#.#
#.#.......( ....#####..)####'##
#.#........
......##..##.##...#####.#####....
#'###.#.#.(...#..[#≈≈≈#.#≈≈≈#....
..# #...#.#[#.....#≈≈≈###S≈≈#....
### ###...).#.#...#b≈≈≈SS≈≈≈#....
# ##.##..##.>.#######≈≈≈#....


You could see a spriggan berserker (berserk).

Vanquished Creatures
  A golden dragon (Depths:2)
  The ghost of Seel the Brawler, an adept TrTm of Cheibriados (Vaults:1)
  Rupert (D:12)
  Jorgrun (Orc:2)
  A lich (Depths:2)
  2 deep elf master archers (Elf:3)
  The ghost of Catiddof the Peltast, an adept TrMo of Okawaru (Spider:3)
  4 deep elf blademasters (Elf:3)
  An ancient champion (Vaults:2)
  2 sphinxes
  2 tengu reavers
  2 fire giants
  Ilsuiw (Shoals:2)
  An orc warlord (Orc:2)
  3 emperor scorpions
  4 deep elf sorcerers (Elf:3)
  5 ghost moths
  3 frost giants
  6 vault wardens
  Aizul (Elf:3)
  A ghoul (Vaults:2)
  15 ironheart preservers
  4 very ugly things
  11 stone giants
  A vampire knight (Depths:2)
  4 deep elf demonologists
  6 deep elf annihilators
  A minotaur (Gauntlet)
  8 entropy weavers
  Azrael (Spider:3)
  7 merfolk javelineers
  7 spark wasps
  Snorg (D:10)
  6 deep elf death magi
  2 ettins
  14 merfolk impalers
  A jiangshi (Vaults:2)
  3 great orbs of eyes
  2 rakshasas
  5 yaktaur captains
  5 fire dragons
  2 deep elf high priests (Elf:3)
  13 hydras
  3 ice dragons
  10 ogre magi
  11 boulder beetles
  4 vault guards (D:13)
  2 alligator snapping turtles (Shoals:4)
  5 merfolk aquamancers
  A catoblepas (Lair:5)
  8 centaur warriors
  2 death knights
  27 two-headed ogres
  27 dancing weapons
  3 satyrs
  2 deep troll shamans
  8 death yaks (Lair:6)
  4 tengu warriors
  2 deep troll earth magi
  2 queen ants
  3 vampire magi
  Urug (Orc:1)
  5 orc high priests
  19 deep elf knights
  A titan skeleton (Depths:2)
  A storm dragon zombie (Depths:2)
  2 fire crabs (shapeshifter)
  4 iron trolls (Depths:2)
  A shadow wraith (Vaults:2)
  15 sea snakes
  15 deep trolls
  A skeletal warrior (D:13)
  2 unseen horrors
  2 glowing orange brains
  2 flayed ghosts
  A tengu zombie (Vaults:1)
  A wolf spider zombie (D:13)
  13 deep elf archers
  18 harpies
  3 wizards
  2 necromancers
  Pikel (D:9)
  A harpy (shapeshifter) (Vaults:2)
  2 oklob plants
  33 deep elf zephyrmancers
  33 wolf spiders
  11 ironbrand convokers
  An orb spider (shapeshifter) (Vaults:2)
  18 orb spiders
  10 orc knights
  3 orc sorcerers
  35 deep elf pyromancers
  2 salamanders (shapeshifter)
  37 ugly things
  20 manticores
  6 cyclopes
  2 centaur zombies
  20 fauns
  5 moths of wrath
  A frost giant skeleton (Vaults:1)
  7 water nymphs
  A guardian serpent (shapeshifter) (Elf:3)
  11 elephants
  A storm dragon simulacrum (Depths:2)
  6 vault sentinels
  5 black mambas
  A torpor snail (Lair:4)
  2 centaur skeletons
  4 gargoyles
  10 cane toads
  4 kobold demonologists (D:15)
  A rime drake (Lair:6)
  17 demonic crawlers
  8 komodo dragons
  3 efreet
  5 freezing wraiths
  18 yaktaurs
  A harpy zombie (D:15)
  24 merfolk
  26 jumping spiders
  7 polar bears
  7 wind drakes
  8 trolls
  A tengu simulacrum (Depths:2)
  14 hornets
  12 snapping turtles
  4 blink frogs (Lair:1)
  A blink frog (shapeshifter) (Vaults:1)
  32 slime creatures
  A raiju (Gauntlet)
  6 dream sheep
  61 redbacks
  9 water elementals
  14 spriggans
  5 shadows
  Sigmund (D:3)
  2 air elementals (Elf:1)
  4 wyverns
  An elf skeleton (Depths:2)
  A vampire (D:15)
  8 wraiths
  53 yaks
  23 tarantellas
  5 fire elementals
  2 basilisks
  A hog (shapeshifter) (D:14)
  10 vampire mosquitoes
  A golden eye (shapeshifter) (D:15)
  Menkaure (D:6)
  2 steam dragons
  30 soldier ants
  4 wargs
  2 acid dragons
  10 water moccasins
  2 hell hounds
  3 ice beasts
  44 orc warriors
  5 sky beasts
  A black bear (Lair:6)
  A human zombie (Vaults:1)
  A necrophage (D:13)
  9 boggarts
  35 wolves
  17 centaurs
  24 ogres
  3 phantoms
  11 kobold brigands
  A lemure (D:9)
  19 bullfrogs
  A wyvern zombie (D:13)
  2 earth elementals (Elf:1)
  A wyvern skeleton (D:12)
  6 scorpions
  14 wights
  6 killer bees (D:10)
  5 electric eels
  2 howler monkeys
  2 quasits
  A human simulacrum (Vaults:2)
  4 hounds
  A hound (shapeshifter) (D:15)
  2 bullfrog zombies
  2 bullfrog skeletons
  6 jellies
  47 orc priests
  Terence (D:1)
  32 worker ants
  3 iguanas
  30 orc wizards
  13 merfolk sirens
  4 merfolk avatars
  A lightning spire (Gauntlet)
  A hound zombie (D:10)
  2 hound skeletons
  A howler monkey zombie (D:5)
  2 worker ant zombies
  14 adders
  2 gnolls (D:7)
  3 river rats
  4 white imps
  An ufetubus (D:5)
  6 oozes
  2 adder skeletons
  4 worms
  A dart slug (D:1)
  12 leopard geckos
  120 orcs
  2 ball pythons
  7 bats
  6 giant cockroaches
  17 goblins
  4 hobgoblins
  15 jackals
  3 quokkas
  8 frilled lizards
  8 kobolds
  A quokka skeleton (D:4)
  2 quokka zombies
  33 rats
1778 creatures vanquished.

Vanquished Creatures (collateral kills)
  10 very ugly things
  An ettin (Depths:1)
  A merfolk javelineer (Depths:1)
  2 ice dragons (Depths:1)
  An ogre mage (Depths:1)
  4 two-headed ogres
  A death knight (Vaults:2)
  A tengu warrior (Depths:1)
  A deep troll shaman (Depths:2)
  5 ugly things
  2 tengu conjurers (Depths:1)
  A wraith (D:13)
  A water elemental (Depths:1)
  An ogre (Depths:1)
  4 wights
  2 gnolls (D:7)
38 creatures vanquished.

Vanquished Creatures (others)
  A very ugly thing (Depths:1)
  A deep elf demonologist (Elf:3)
  A yaktaur captain (Vaults:4)
  2 dancing weapons
  A deep troll (Depths:2)
  An ironbrand convoker (Vaults:3)
  4 deep elf zephyrmancers
  A faun (Shoals:2)
  An orc sorcerer (Elf:1)
  A manticore (D:12)
  A merfolk siren (Shoals:4)
  2 water elementals (Elf:3)
  A boggart (Lair:6)
  36 fulminant prisms
  47 fungi
  95 plants
196 creatures vanquished.

Grand Total: 2012 creatures vanquished

Notes
Turn   | Place    | Note
-------+----------+-------------------------------------------
     0 | D:1      | inc the Felid Enchanter began the quest for the Orb.
     0 | D:1      | Reached XP level 1. HP: 7/7 MP: 4/4
   273 | D:1      | Reached skill level 5 in Hexes
   310 | D:1      | Reached XP level 2. HP: 11/11 MP: 6/6
  1536 | D:1      | Reached skill level 6 in Hexes
  1629 | D:1      | Reached XP level 3. HP: 8/14 MP: 5/7
  2002 | D:2      | Noticed Terence
  2019 | D:1      | Learned a level 2 spell: Ensorcelled Hibernation
  2075 | D:1      | Killed Terence
  2436 | D:2      | Reached skill level 7 in Hexes
  2931 | D:2      | Reached XP level 4. HP: 17/18 MP: 4/8
  2935 | D:2      | Learned a level 3 spell: Confusing Touch
  3178 | D:2      | Found a stormy altar of Qazlal.
  3351 | D:2      | Found a sparkling altar of Nemelex Xobeh.
  4922 | D:3      | Noticed Sigmund
  5096 | D:3      | Reached XP level 5. HP: 14/21 MP: 6/9
  5323 | D:3      | Killed Sigmund
  5324 | D:3      | Reached skill level 5 in Stealth
  5324 | D:3      | Gained mutation: You are covered in thick fur. (AC +2)
                  | [Felid growth]
  5324 | D:3      | Reached XP level 6. HP: 24/24 MP: 10/10
  6280 | D:4      | Found a glowing drain.
  6440 | Sewer    | Entered a sewer
  6460 | Sewer    | Reached skill level 8 in Hexes
  6460 | Sewer    | Reached XP level 7. HP: 27/27 MP: 11/11
  7947 | D:4      | Found Saogedaff's Assorted Antiques.
  7962 | D:4      | Found a burning altar of Makhleb.
  7972 | D:4      | Found a glowing silver altar of Zin.
  7972 | D:4      | Noticed a blizzard demon
  7972 | D:4      | Noticed an angel
  8277 | D:5      | Entered Level 5 of the Dungeon
  8298 | D:5      | Reached skill level 9 in Hexes
  8950 | D:5      | Found a broken altar of Ashenzari.
  8950 | D:5      | Found a sparkling altar of Nemelex Xobeh.
  8951 | D:5      | Found a bloodstained altar of Trog.
  8954 | D:5      | Found a white marble altar of Elyvilon.
  8973 | D:5      | Found a staircase to the Ecumenical Temple.
  8986 | D:5      | Reached skill level 10 in Hexes
  9003 | Temple   | Entered the Ecumenical Temple
  9057 | Temple   | Became a worshipper of Uskayaw the Reveller
  9113 | D:5      | Reached * piety under Uskayaw
  9205 | D:5      | Found a radiant altar of Vehumet.
  9329 | D:5      | Found Xuomeib's Book Emporium.
  9706 | D:6      | Learned a level 3 spell: Tukima's Dance
  9945 | D:6      | Noticed Menkaure
  9955 | D:6      | Reached ** piety under Uskayaw
  9956 | D:6      | Killed Menkaure
  9957 | D:6      | Reached skill level 1 in Fighting
  9957 | D:6      | Reached XP level 8. HP: 33/33 MP: 6/12
 10397 | D:6      | Reached skill level 5 in Dodging
 10789 | D:7      | Found Nojum's Weapon Shoppe.
 12478 | D:8      | Reached skill level 5 in Fighting
 12695 | D:8      | Reached XP level 9. HP: 40/40 MP: 13/13
 13108 | D:8      | Found a runed translucent gate.
 13108 | D:8      | Found a runed translucent gate.
 13108 | D:8      | Found a runed translucent gate.
 13112 | D:8      | Noticed stazo's ghost (novice HOFi)
 14074 | D:8      | Identified 2 scrolls of acquirement
 14074 | D:8      | Acquired the ring of Ucingecwi {Int+4 Dex+6}
 14271 | D:8      | Reached skill level 1 in Invocations
 14274 | D:8      | Reached *** piety under Uskayaw
 14276 | D:8      | Reached **** piety under Uskayaw
 14279 | D:8      | Reached ***** piety under Uskayaw
 14459 | D:8      | Reached skill level 5 in Invocations
 14732 | D:9      | Reached XP level 10. HP: 46/46 MP: 15/15
 14845 | D:9      | Noticed a two-headed ogre
 14892 | D:9      | Killed a two-headed ogre
 15330 | D:9      | Noticed Pikel
 15445 | D:9      | Killed Pikel
 15621 | D:10     | Entered Level 10 of the Dungeon
 16091 | D:10     | Noticed a two-headed ogre
 16109 | D:10     | Slain by a two-headed ogre
 16110 | D:10     | Reached XP level 9. HP: 0/42 MP: 11/16
 16110 | D:10     | Found a staircase to the Orcish Mines.
 16115 | D:10     | Killed a two-headed ogre
 16315 | D:10     | Reached XP level 10. HP: 46/46 MP: 17/17
 16712 | D:10     | Found a roughly hewn altar of Beogh.
 16994 | D:10     | Noticed Snorg
 17049 | D:10     | Killed Snorg
 17050 | D:10     | Reached skill level 5 in Unarmed Combat
 17276 | D:11     | Noticed a manticore
 17739 | D:11     | Noticed a manticore
 17821 | D:11     | Slain by a manticore
 17822 | D:11     | Reached XP level 9. HP: -2/42 MP: 5/16
 17849 | D:11     | Found Xejosibb's General Store.
 17858 | D:11     | Bought a scroll of blinking for 82 gold pieces
 17869 | D:11     | Noticed an oklob plant
 17881 | D:11     | Found a staircase to the Lair.
 18228 | D:11     | Killed a manticore
 18285 | D:11     | Noticed a manticore
 18292 | D:11     | Killed a manticore
 18293 | D:11     | Reached XP level 10. HP: 46/46 MP: 17/17
 18388 | D:11     | Killed a manticore
 18734 | D:11     | Found Daonithre's Antique Weapon Boutique.
 18842 | D:11     | Noticed a two-headed ogre
 18869 | D:11     | Killed a two-headed ogre
 18870 | D:11     | Reached skill level 10 in Stealth
 19163 | Lair:1   | Entered Level 1 of the Lair of Beasts
 19390 | Lair:1   | Noticed a cane toad
 19396 | Lair:1   | Killed a cane toad
 19707 | Lair:1   | Noticed a black mamba
 19710 | Lair:1   | Killed a black mamba
 19906 | Lair:1   | Noticed a cane toad
 19908 | Lair:1   | Killed a cane toad
 19909 | Lair:1   | Reached XP level 11. HP: 49/49 MP: 18/18
 19936 | Lair:1   | Learned a level 4 spell: Fulminant Prism
 19946 | Lair:1   | Reached skill level 1 in Conjurations
 20026 | Lair:1   | Noticed a seven-headed hydra
 20029 | Lair:1   | Killed a seven-headed hydra
 20815 | Lair:2   | Noticed a five-headed hydra
 20834 | Lair:2   | Killed a five-headed hydra
 21118 | Lair:2   | Reached skill level 5 in Conjurations
 21299 | Lair:2   | Found a hole to the Spider Nest.
 21500 | Lair:2   | Noticed a six-headed hydra
 21634 | Lair:2   | Killed a six-headed hydra
 22074 | Lair:3   | Noticed a six-headed hydra
 22117 | Lair:3   | Killed a six-headed hydra
 22384 | Lair:3   | Gained mutation: Your thick and shaggy fur keeps you warm.
                  | (AC +3, rC+) [Felid growth]
 22384 | Lair:3   | Reached XP level 12. HP: 53/53 MP: 19/19
 22435 | Lair:3   | Reached skill level 11 in Hexes
 22672 | Lair:3   | Found a blossoming altar of Fedhas.
 22896 | Lair:4   | Noticed a six-headed hydra
 23187 | Lair:4   | Found a radiant altar of Vehumet.
 23286 | Lair:4   | Reached skill level 12 in Hexes
 23666 | Lair:4   | Noticed a six-headed hydra
 23673 | Lair:4   | Killed a six-headed hydra
 23748 | Lair:4   | Killed a six-headed hydra
 23885 | Lair:4   | Reached skill level 10 in Dodging
 24327 | Lair:4   | Found a staircase to the Shoals.
 25357 | D:5      | Bought a Young Poisoner's Handbook for 560 gold pieces
 25718 | Lair:5   | Reached skill level 1 in Poison Magic
 25732 | Lair:5   | Noticed an entropy weaver
 25732 | Lair:5   | Noticed a queen ant
 26509 | Lair:5   | Noticed an entropy weaver
 26527 | Lair:5   | Reached XP level 13. HP: 58/58 MP: 13/20
 26630 | Lair:5   | Learned a level 4 spell: Olgreb's Toxic Radiance
 26649 | Lair:6   | Entered Level 6 of the Lair of Beasts
 26877 | Lair:6   | Reached skill level 5 in Poison Magic
 26950 | Lair:6   | Acquired 853 gold pieces
 26961 | Lair:6   | Found a staircase to the Slime Pits.
 27431 | D:7      | Found a stormy altar of Qazlal.
 27686 | D:5      | Bought a book of Burglary for 1050 gold pieces
 28319 | Lair:5   | Killed an entropy weaver
 28813 | Lair:5   | Killed an entropy weaver
 29740 | Lair:6   | Reached skill level 5 in Spellcasting
 30041 | Lair:5   | Learned a level 6 spell: Invisibility
 30301 | Lair:6   | Reached skill level 13 in Hexes
 30472 | Lair:6   | Identified Qeimn's Collected Works on the Twisted Rocks
 31185 | Lair:6   | Reached skill level 14 in Hexes
 31190 | Lair:6   | Reached XP level 14. HP: 50/63 MP: 7/23
 31197 | Lair:6   | Reached skill level 15 in Hexes
 32595 | D:11     | Reached skill level 1 in Evocations
 32848 | D:12     | Identified the amulet of Numukica {Reflect rF+ Str+4 Dex+5
                  | SH+5}
 33310 | D:12     | Noticed Rupert
 33353 | D:12     | Reached skill level 5 in Evocations
 33552 | Orc:1    | Entered Level 1 of the Orcish Mines
 33552 | Orc:1    | Noticed Urug
 33557 | Orc:1    | Killed Urug
 34250 | Orc:1    | Found a roughly hewn altar of Beogh.
 34873 | Orc:2    | Entered Level 2 of the Orcish Mines
 34873 | Orc:2    | Found a staircase to the Elven Halls.
 34876 | Orc:2    | Noticed Jorgrun
 34884 | Orc:2    | Killed Jorgrun
 35311 | Orc:2    | Noticed an orc warlord
 35576 | Orc:2    | Killed from afar by an orc sorcerer
 35577 | Orc:2    | Reached XP level 13. HP: -3/54 MP: 0/22
 36091 | Orc:2    | Killed an orc warlord
 36445 | Orc:2    | Reached skill level 10 in Invocations
 36772 | Orc:2    | Found Zysukuq's Jewellery Shop.
 36787 | Orc:2    | Found Riaclola's Assorted Antiques.
 36788 | Orc:2    | Found Kecwahopt's Assorted Antiques.
 36791 | Orc:2    | Found Foedetel's Armour Boutique.
 36851 | Orc:2    | Bought a heavily runed steel ring for 205 gold pieces
 36852 | Orc:2    | Identified the ring "Raemiaw" {*Corrode rN+++ Int+6 Dex+2
                  | SInv} (You bought it in a shop on level 2 of the Orcish
                  | Mines)
 37157 | D:12     | Reached XP level 14. HP: 42/63 MP: 10/23
 37220 | D:12     | Paralysed by a hornet for 2 turns
 37222 | D:12     | HP: 3/63 [hornet (6)]
 37393 | D:13     | Found a gate leading to a gauntlet.
 37443 | Gauntlet | Entered a Gauntlet
 37443 | Gauntlet | Found a transporter.
 37443 | Gauntlet | Found a transporter.
 37454 | Gauntlet | Found a transporter.
 37457 | Gauntlet | Found a transporter.
 37612 | Gauntlet | Found a transporter.
 37612 | Gauntlet | Found a transporter.
 37628 | Gauntlet | Found a runed translucent door.
 37629 | Gauntlet | Found a large runed translucent door.
 37629 | Gauntlet | Found a large runed translucent door.
 37630 | Gauntlet | Found a large runed translucent door.
 37630 | Gauntlet | Found a large runed translucent door.
 37631 | Gauntlet | Found a large runed translucent door.
 37631 | Gauntlet | Found a large runed translucent door.
 37631 | Gauntlet | Found a runed translucent door.
 37631 | Gauntlet | Found a runed translucent door.
 37631 | Gauntlet | Found a large runed translucent door.
 37631 | Gauntlet | Found a large runed translucent door.
 37646 | Gauntlet | Found a large runed translucent door.
 37646 | Gauntlet | Found a large runed translucent door.
 37646 | Gauntlet | Found a large runed translucent door.
 37646 | Gauntlet | Found a large runed translucent door.
 37647 | Gauntlet | Found a large runed translucent door.
 37647 | Gauntlet | Found a large runed translucent door.
 37647 | Gauntlet | Found a large runed translucent door.
 37647 | Gauntlet | Found a large runed translucent door.
 37648 | Gauntlet | Found a runed translucent gate.
 37648 | Gauntlet | Found a runed translucent gate.
 37648 | Gauntlet | Found a runed translucent gate.
 37649 | Gauntlet | Found a transporter.
 37773 | Gauntlet | Found a transporter.
 37856 | Gauntlet | Identified the Guide on Execration
 37860 | Gauntlet | Identified Yroschon's Compendium of the Several Scars
 38890 | D:13     | Found a gate to the Vaults.
 39981 | D:14     | Reached skill level 15 in Dodging
 40818 | D:15     | Entered Level 15 of the Dungeon
 41147 | D:15     | Reached ****** piety under Uskayaw
 41351 | D:15     | Found Lequppem's Armour Boutique.
 41485 | D:15     | Reached XP level 15. HP: 66/66 MP: 7/24
 42532 | Spider:1 | Entered Level 1 of the Spider Nest
 44488 | Spider:2 | Noticed a ghost moth
 46960 | Spider:3 | Reached skill level 10 in Fighting
 46973 | Spider:3 | Noticed Azrael
 47187 | Spider:2 | Reached XP level 16. HP: 66/73 MP: 17/25
 48372 | Spider:3 | Killed Azrael
 48963 | Spider:3 | Found a runed translucent door.
 48968 | Spider:3 | Noticed Catiddof's ghost (adept TrMo)
 49233 | Spider:4 | Entered Level 4 of the Spider Nest
 49329 | Spider:3 | Killed Catiddof's ghost
 50889 | Spider:4 | Got a gossamer rune of Zot
 52279 | D:12     | Paralysed by Rupert for 5 turns
 52330 | D:12     | Killed Rupert
 52354 | D:12     | Reached XP level 17. HP: 84/84 MP: 4/26
 53300 | D:15     | Reached skill level 15 in Fighting
 53511 | D:15     | Found a staircase to the Depths.
 53774 | Vaults:1 | Entered Level 1 of the Vaults
 54972 | Vaults:1 | Found a large runed translucent door.
 54972 | Vaults:1 | Found a large runed translucent door.
 54973 | Vaults:1 | Noticed Seel's ghost (adept TrTm)
 56297 | Vaults:1 | Killed Seel's ghost
 56409 | Vaults:2 | Reached skill level 10 in Unarmed Combat
 57323 | Vaults:2 | Found a staircase to the Crypt.
 57332 | Vaults:2 | Reached XP level 18. HP: 89/89 MP: 27/27
 57660 | Vaults:2 | Found Duaman's Weapon Shoppe.
 58448 | Vaults:2 | Noticed a lich
 58937 | D:5      | Bought a book of the Sky for 910 gold pieces
 58946 | D:5      | Learned a level 5 spell: Silence
 59225 | Vaults:3 | Reached skill level 1 in Air Magic
 59783 | Vaults:3 | Reached skill level 5 in Air Magic
 61345 | Vaults:4 | Reached XP level 19. HP: 93/93 MP: 19/29
 61368 | Vaults:4 | Reached skill level 10 in Air Magic
 62156 | Vaults:4 | HP: 2/93 [harpy (8)]
 62186 | Vaults:4 | Killed from afar by a lightning spire
 62187 | Vaults:4 | Reached XP level 18. HP: 0/89 MP: 28/28
 62764 | Shoals:1 | Entered Level 1 of the Shoals
 62775 | Shoals:1 | Reached skill level 16 in Hexes
 63140 | Shoals:1 | Found Rumuarph's Distillery.
 63213 | Shoals:1 | Bought a potion of haste for 130 gold pieces
 63213 | Shoals:1 | Bought a potion of haste for 130 gold pieces
 63213 | Shoals:1 | Bought a potion of heal wounds for 65 gold pieces
 63213 | Shoals:1 | Bought a potion of heal wounds for 65 gold pieces
 63213 | Shoals:1 | Bought a potion of might for 52 gold pieces
 63213 | Shoals:1 | Bought a potion of curing for 39 gold pieces
 63213 | Shoals:1 | Bought a potion of curing for 39 gold pieces
 63213 | Shoals:1 | Bought a potion of brilliance for 52 gold pieces
 63221 | Shoals:1 | Bought a potion of ambrosia for 104 gold pieces
 63231 | Shoals:1 | Found Gid Gyar's Distillery.
 63401 | Shoals:1 | Reached skill level 17 in Hexes
 63403 | Shoals:1 | Bought a potion of might for 56 gold pieces
 63403 | Shoals:1 | Bought a potion of heal wounds for 70 gold pieces
 63403 | Shoals:1 | Bought a potion of curing for 42 gold pieces
 63434 | Shoals:1 | Found Niulam's Antique Armour Shoppe.
 63465 | Shoals:1 | Found Kugythru's Book Shoppe.
 63633 | Shoals:1 | Found Mutonog's General Store.
 63685 | Shoals:1 | Acquired the ring "Rux Xuxa" {Ice rElec Will- SInv}
 63690 | Shoals:1 | Acquired 850 gold pieces
 64512 | Shoals:2 | Noticed Ilsuiw
 64540 | Shoals:2 | Reached skill level 18 in Hexes
 64548 | Shoals:2 | Killed Ilsuiw
 67143 | Shoals:4 | Entered Level 4 of the Shoals
 67151 | Shoals:4 | Reached skill level 19 in Hexes
 67279 | Shoals:4 | Reached XP level 19. HP: 93/93 MP: 20/29
 68218 | Shoals:4 | Reached skill level 20 in Hexes
 69727 | Shoals:4 | Reached skill level 21 in Hexes
 71107 | Shoals:4 | Got a barnacled rune of Zot
 71416 | Elf:1    | Entered Level 1 of the Elven Halls
 72323 | Elf:1    | Reached skill level 22 in Hexes
 73111 | Elf:1    | Reached skill level 23 in Hexes
 73132 | Elf:1    | Noticed a Tzitzimitl
 73135 | Elf:1    | Noticed a Brimstone Fiend
 73209 | Elf:1    | Gained mutation: You are clumsy. (Dex -2) [mutagenic glow]
 73681 | Elf:2    | Found Faath's Antique Weapon Boutique.
 73937 | Elf:2    | Found a runed translucent door.
 74512 | Elf:2    | Found a runed translucent door.
 74546 | Elf:2    | Reached XP level 20. HP: 97/97 MP: 30/30
 74755 | Elf:2    | Reached skill level 24 in Hexes
 74872 | Elf:2    | Gained mutation: You tend to lose your temper in combat.
                  | [mutagenic glow]
 74890 | Elf:2    | Gained mutation: You are frail. (-10% HP) [mutagenic glow]
 74891 | Elf:2    | Lost mutation: You are frail. (-10% HP) [potion of
                  | mutation]
 74891 | Elf:2    | Lost mutation: You tend to lose your temper in combat.
                  | [potion of mutation]
 74891 | Elf:2    | Gained mutation: You are weak. (Str -2) [potion of
                  | mutation]
 74891 | Elf:2    | Gained mutation: You are robust. (+10% HP) [potion of
                  | mutation]
 75184 | Elf:3    | Entered Level 3 of the Elven Halls
 75208 | Elf:3    | Noticed Aizul
 75250 | Elf:3    | Killed Aizul
 75919 | Elf:3    | HP: 3/106 [deep elf elementalist/fireball (50)]
 76014 | Elf:2    | Learned a level 8 spell: Discord
 76229 | Elf:3    | Found Yjil's Antique Weapon Boutique.
 76533 | Elf:3    | Identified the ring of Wolex {*Slow Str+9 Int-5 Dex+6 SInv}
 77389 | Elf:3    | Identified the amulet of Fecveh {Acrobat +Inv rPois MP-9
                  | Slay-5}
 77392 | Elf:3    | Identified the +1 scale mail "Juijeona" {rF+}
 78074 | Depths:1 | Entered Level 1 of the Depths
 78075 | Depths:1 | Found a gateway to Hell.
 78514 | Depths:1 | Reached skill level 10 in Evocations
 78514 | Depths:1 | Reached XP level 21. HP: 112/112 MP: 33/33
 78967 | Depths:1 | HP: 3/112 [fire giant/fireball (56)]
 78968 | Depths:1 | Slain by a fire giant
 78969 | Depths:1 | Reached XP level 20. HP: -1/107 MP: 15/32
 79964 | Depths:2 | Slain by a lich
 79965 | Depths:2 | Reached XP level 19. HP: -3/101 MP: 7/31
 81079 | Depths:2 | Reached XP level 20. HP: 104/107 MP: 32/32
 81572 | Depths:2 | Noticed a golden dragon
 81580 | Depths:2 | Killed a golden dragon
 82167 | Depths:2 | HP: 2/107 [spriggan berserker/+2 hand axe of freezing (29)]
 82167 | Depths:2 | Slain by a spriggan berserker

Illustrated notes

Levels and vault maps discovered:
D:1:      matt_arrival_spirals, layout_basic
D:2:      kennysheep_the_goblin_king, layout_basic, lemuel_round_altar,
          nemelex_dance_club_becter, uniq_terence
D:3:      layout_loops_cross, uniq_sigmund
D:4:      layout_gridville, grunt_temple_overflow_order_and_chaos_2,
          portal_sewer_entry_e, serial_shops, nicolae_shop_trees
D:5:      layout_basic, vehumet_altar_wand_db, grunt_temple_overflow_open,
          minmay_temple_entry_drinking_statues, serial_shops,
          nicolae_shop_crystal
D:6:      layout_cave_pods, uniq_menkaure
D:7:      lemuel_upstairs_altar, layout_basic, serial_shops, shop
D:8:      layout_basic, gammafunk_ghost_nasty_kobolds
D:9:      layout_roguey, uniq_pikel
D:10:     layout_basic, minmay_orc_entry_temple_small,
          kennysheep_generic_room_13, uniq_snorg
D:11:     layout_basic, dpeg_oklobed_lair, serial_shops, shop, shop_statue,
          chequers_serial_rivers_marsh, grunt_ministairs_12
D:12:     minmay_the_grid_square_5x5_4x4_mashed
          [minmay_the_grid_square_5x5_gyroscope,
          minmay_the_grid_square_5x5_bracketed,
          minmay_the_grid_square_5x5_inverted_slash,
          minmay_the_grid_square_5x5_spiral_small,
          minmay_the_grid_square_5x5_minivault,
          minmay_the_grid_square_5x5_prize_pseudospiral,
          minmay_the_grid_square_5x5_prize_gold,
          minmay_the_grid_square_5x5_broken_cross,
          minmay_the_grid_square_5x5_two_walls_b,
          minmay_the_grid_square_5x5_prize_itemx,
          minmay_the_grid_square_5x5_prize_rear_guard,
          minmay_the_grid_square_5x5_hollow_slash,
          minmay_the_grid_square_5x5_inner_i, minmay_the_grid_square_5x5_tie,
          minmay_the_grid_square_5x5_v, minmay_the_grid_square_5x5_percent],
          layout_irregular_city, uniq_rupert
D:13:     layout_basic, lightli_vaults_fourway_checkpoint, enter_bailey_8,
          gauntlet_entry_generic, chequers_big_river
D:14:     layout_rooms, roderic_roman_lattice
D:15:     gammafunk_enter_depths_forms, layout_cave_pools, serial_shops,
          shop_fountains, minmay_misc_feat_chi
Temple:   eino_temple_water
Lair:1:   layout_cave_shapes, serial_bayou_shore_b
Lair:2:   layout_small_grid, spider_nest_entry_a,
          chequers_serial_rivers_small_3, infiniplex_staircase_pool_2
Lair:3:   layout_hall_layers, lemuel_centaur_altar, lemuel_fruit_fields,
          infiniplex_staircase_pool
Lair:4:   layout_loops_ring, minmay_shoals_entry_hut,
          chequers_serial_rivers_marsh, minivault_25, amcnicky_altar_gilded,
          grunt_megastairs_3
Lair:5:   layout_cave_pods, small_statue_intersection, zaba_anthell
Lair:6:   minmay_lair_end_enchanted_forest, layout_gridlike,
          nicolae_slime_entry_slimehenge, chequers_serial_rivers_micro_d,
          grunt_megastairs_4
Shoals:1: layout_shoals, serial_shops, shop, nicolae_shop_stone, shop,
          shop_coins, shop_fountains, nicolae_shoals_stone_sculpture_thing
Shoals:2: layout_shoals, uniq_ilsuiw
Shoals:3: layout_shoals
Shoals:4: shoals_end_simple, layout_shoals, shoals_ilsuiw_alternative,
          nicolae_shoals_seven_spires, nicolae_shoals_wave_tunnel
Spider:1: layout_spider_delve
Spider:2: layout_chambers, einodemon_crawler_minivault,
          hangedman_spider_tarantella_strand, uniq_arachne
Spider:3: layout_spider_delve, ebering_ghost_reflecting_pool, uniq_azrael
Spider:4: grunt_spider_rune_island
Orc:1:    layout_caves, david_defended_altar_orc, uniq_urug
Orc:2:    st_orc_mages, layout_caves, mines_bat_river, uniq_jorgrun
Elf:1:    eino_elf_arrival_customs, layout_onion_city,
          minmay_elf_crystal_hexagon
Elf:2:    layout_rooms, serial_shops, shop
Elf:3:    minmay_elf_hall_circle, layout_geoelf_castle, serial_shops, shop,
          uniq_aizul
Vaults:1: ebering_vaults_ghost_disaster_area, grunt_vaults_twisty,
          ontoclasm_vaults_ring_large, dpeg_vaults_monster_row,
          ontoclasm_vaults_ligature, nicolae_vaults_little_squares_1,
          v_alt_pattern_1, layout_vaults_omnigrid
Vaults:2: minmay_crypt_entry_simple_corners,
          hangedman_vaults_stretched_pinwheel, vaults_room_octagon,
          nicolae_vaults_network_s, ontoclasm_vaults_spin, v_misc_11,
          vaults_dpeg_ring, nicolae_vaults_yaktaur_gun_rack, v_pattern_5,
          vaults_dpeg_hooks, v_rooms_2, grunt_vaults_bifocal,
          ontoclasm_vaults_tryst, vaults_dpeg_cross, serial_ice_m,
          vaults_dpeg_diagonal, nicolae_vaults_quartermaster,
          layout_vaults_maze, serial_shops, shop_statue
Vaults:3: vaults_mumra_minichess, nicolae_vaults_stairing_the_circle,
          vaults_room_stairs_pillars, ontoclasm_vaults_shout,
          nicolae_vaults_little_ls, nicolae_vaults_hallways_thing,
          ontoclasm_vaults_hangar, vaults_room_semicircle,
          nicolae_vaults_specimen_jars, layout_vaults_omnicross
Vaults:4: nicolae_vaults_alarming, vaults_room_pool, vaults_standard_mumra_x,
          st_cross, v_pattern_3, nicolae_vaults_network_periphery,
          vaults_room_hallway, vaults_room_grunt_arrival_ludios,
          layout_vaults_chaotic_city
Depths:1: layout_cave_pools, hell_entry, kennysheep_cross_room,
          kennysheep_generic_room_12
Depths:2: minmay_bloctagon_deflated, layout_gridlike, hell_entry,
          serial_aquarium, aquarium_bridge_square [aquarium_subvault_bridge,
          aquarium_subvault_bridge, aquarium_subvault_balcony,
          aquarium_subvault_wall], aquarium_window_2, aquarium_window_1,
          aquarium_window_corridor_3, aquarium_view_4, aquarium_view_2c,
          aquarium_balcony_3b, minmay_misc_feat_columns

Skill      XL: |  1  2  3  4  5  6  7  8  9 10 11 12 13 14 15 16 17 18 19 20 21 |
---------------+----------------------------------------------------------------+-----
Hexes          | 5 6 7 8 10 12 14 15 19 23 24 | 24.4
Stealth        | 5 7 9 11 14 | 14.4
Unarmed Combat | 3 4 6 7 10 11 | 11.9
Dodging        | 3 7 9 10 11 16 19 | 19.2
Fighting       | 1 5 6 8 10 14 15 | 15.9
Invocations    | 5 8 10 9 11 12 13 | 13.5
Ice Magic      | 4 |  4.8
Conjurations   | 8 |  8.1
Poison Magic   | 4 8 |  8.0
Spellcasting   | 5 7 |  7.9
Evocations     | 8 11 | 11.2
Air Magic      | 9 11 | 11.5

Action                   |  1- 3 |  4- 6 |  7- 9 | 10-12 | 13-15 | 16-18 | 19-21 || total
-------------------------+-------+-------+-------+-------+-------+-------+-------++-------
Melee: Unarmed           |    85 |   107 |   326 |   403 |   906 |   855 |   797 ||  3479
       Bite              |     8 |    10 |    36 |    52 |   114 |   119 |    93 ||   432
       Punch             |     1 |       |     4 |    12 |    39 |    52 |    42 ||   150
 Cast: Corona            |    16 |       |       |       |       |       |       ||    16
       Ensorcelled Hiber |    14 |    69 |   125 |   267 |   346 |   259 |   110 ||  1190
       Confusing Touch   |       |       |    13 |    22 |    33 |    19 |     8 ||    95
       Tukima's Dance    |       |       |     8 |     8 |     5 |     2 |       ||    23
       Fulminant Prism   |       |       |       |     2 |     9 |    22 |     3 ||    36
       Olgreb's Toxic Ra |       |       |       |       |   101 |   112 |    58 ||   271
       Invisibility      |       |       |       |       |    26 |    17 |    53 ||    96
       Silence           |       |       |       |       |       |     1 |     2 ||     3
       Discord           |       |       |       |       |       |       |    13 ||    13
Invok: Stomp             |       |       |     1 |       |       |     1 |       ||     2
       Line Pass         |       |       |       |     1 |     1 |       |     2 ||     4
       Grand Finale      |       |       |       |       |       |       |     2 ||     2
Evoke: Wand              |       |       |       |       |       |    12 |     7 ||    19
       Tin of tremorston |       |       |       |       |       |     1 |       ||     1
  Use: Scroll            |       |     3 |    12 |     8 |     9 |     5 |     5 ||    42
       Potion            |       |     1 |     4 |       |     6 |     8 |     8 ||    27
 Stab: Sleeping          |    16 |    41 |   100 |   152 |   221 |   168 |   125 ||   823
       Invisible         |       |     5 |     1 |       |    74 |    58 |   128 ||   266
       Confused          |       |       |    14 |    25 |    37 |    20 |     9 ||   105
       Distracted        |       |       |     1 |     1 |       |       |       ||     2
       Paralysed         |       |       |     2 |    14 |    79 |    91 |    66 ||   252
Armor: Skin              |     5 |     4 |    22 |    30 |    55 |    24 |     8 ||   148
Dodge: Dodged            |    84 |    80 |   266 |   483 |  1277 |  1437 |  1045 ||  4672
Block: Other             |       |       |       |       |   128 |   206 |     3 ||   337
       Reflection        |       |       |       |       |     7 |    13 |     2 ||    22

Table legend: (Time is in decaauts)
 A = Elapsed time spent in this place.
 B = Non-inter-level travel time spent in this place.
 C = Inter-level travel time spent in this place.
 D = Time resting spent in this place.
 E = Time spent auto-exploring this place.
 F = Levels seen in this place.
 G = Mean time per level.
                   A        B        C        D        E       F      G
               +--------+--------+--------+--------+--------+-----+--------+
         Total |  74301 |  68916 |   5385 |  25063 |  29114 |  43 | 1727.9 |
       Dungeon |  25344 |  22849 |   2495 |   7571 |  10885 |  15 | 1689.6 |
        Temple |     59 |     44 |     15 |      0 |     18 |   1 |   59.0 |
          Lair |  11644 |  10499 |   1145 |   3815 |   4346 |   6 | 1940.7 |
        Shoals |   7964 |   7691 |    273 |   3209 |   2826 |   4 | 1991.0 |
   Spider Nest |   8576 |   8029 |    547 |   3530 |   2886 |   4 | 2144.0 |
  Orcish Mines |   2806 |   2701 |    105 |    853 |   1220 |   2 | 1403.0 |
   Elven Halls |   5840 |   5450 |    390 |   2028 |   2147 |   3 | 1946.7 |
        Vaults |   7427 |   7094 |    333 |   1842 |   3653 |   4 | 1856.8 |
        Depths |   3121 |   3043 |     78 |   1540 |    796 |   2 | 1560.5 |
         Sewer |   1128 |   1128 |      0 |    460 |    334 |   1 | 1128.0 |
      Gauntlet |    388 |    388 |      0 |    210 |      0 |   1 |  388.0 |
               +--------+--------+--------+--------+--------+-----+--------+

Top non-repeatable levels by time:
Shoals:4: 3786 daAuts
  Lair:5: 3112 daAuts
Spider:1: 2802 daAuts
Vaults:1: 2669 daAuts
  Lair:6: 2432 daAuts
   Elf:1: 2319 daAuts
Spider:2: 2250 daAuts
    D:11: 2176 daAuts
     D:8: 2162 daAuts
    D:13: 2146 daAuts
Spider:3: 2101 daAuts
    D:10: 2095 daAuts
     D:1: 2033 daAuts
Vaults:2: 2033 daAuts
  Lair:4: 1970 daAuts
